Map: Emerald City LE

Players

JoeCamel

  • Race: Terran Terran
  • Spawn Location: 5:00

JakLou

  • Race: Protoss Protoss
  • Spawn Location: 5:00

Arthas - Winner!

  • Race: Protoss Protoss
  • Spawn Location: 11:00

Ivadios - Winner!

  • Race: Terran Terran
  • Spawn Location: 11:00

VOD

Have the link to the VOD?

Description

Time

  • Played on: June 13, 2020, 2:30 p.m.
  • Length: 25:00
Show
View Real Time Build Order
Export as new Build Order

JoeCamel Terran 

Build Orders:  

Get SALT Encoding   

  12  0:01  SCV  
  13  0:14  SCV  
  14  0:23  Supply Depot  
  14  0:26  SCV  
  15  0:33  Refinery  
  15  0:46  Barracks  
  15  0:57  SCV  
  15  0:58  Barracks  
  16  1:05  Refinery  
  16  1:17  SCV  
  17  1:29  SCV  
  18  1:39  Factory  
  18  1:44  SCV  
  19  1:48  Barracks Tech Lab  
  19  1:56  SCV  
  20  2:22  Factory Tech Lab  
  20  2:27  Marine  
  20  2:29  Marine  
  22  2:50  Supply Depot  
  22  2:52  Supply Depot  
  22  3:12  Marine, Orbital Command  
  23  3:13  Marine  
  23  3:14  Siege Tank  
  27  3:30  Marine  
  27  3:31  Marine  
  29  4:07  Marine x2  
  31  4:24  Siege Tank  
  31  4:25  Marine  
  35  4:39  Marine  
  36  4:47  Barracks Tech Lab  
  36  5:04  Marine  
  37  5:29  Command Center  
  37  5:32  Barracks Tech Lab  
  37  5:41  Supply Depot  
  37  5:53  Barracks  
  37  5:54  Barracks  
  37  6:01  Starport  
  37  6:04  Supply Depot  
  37  6:09  Engineering Bay  
  37  6:10  Marauder  
  37  6:11  Marauder  
  41  6:26  Supply Depot  
  41  6:28  SCV  
  42  6:39  Terran Infantry Weapons Level 1  
  42  6:40  SCV  
  42  6:42  Refinery  
  42  6:46  Starport Reactor  
  43  6:49  Supply Depot  
  43  6:53  SCV  
  44  6:58  Concussive Shells  
  44  7:00  Combat Shield  
  44  7:05  SCV  
  45  7:17  SCV  
  45  7:19  Orbital Command  
  46  7:29  SCV  
  46  7:41  SCV  
  42  7:53  SCV  
  43  8:05  SCV  
  44  8:10  Missile Turret  
  44  8:14  Missile Turret  
  44  8:17  SCV  
  44  8:18  Siege Tank  
  48  8:35  Missile Turret  
  48  8:36  SCV x2, Missile Turret  
  48  8:37  Missile Turret  
  50  8:48  SCV  
  51  8:50  Siege Tank  
  54  8:56  Missile Turret  
  54  9:15  Barracks Reactor, Barracks Tech Lab  
  54  9:16  Missile Turret  
  53  9:22  Terran Infantry Armor Level 1  
  51  9:28  Armory  
  53  9:38  Marauder  
  53  9:39  Marauder x2  
  53  9:44  Medivac x2  
  61  9:53  Siege Tank  
  61  9:56  Marine x2  
  68  10:00  Marauder x3  
  72  10:13  Marine  
  72  10:14  Marine, Medivac x2  
  77  10:21  Marine x3, Stimpack  
  79  10:27  SCV  
  79  10:28  SCV  
  83  10:31  Marine  
  84  10:43  Widow Mine, Medivac  
  84  10:44  Medivac  
  84  10:46  Drilling Claws  
  84  10:49  SCV x2  
  92  11:02  Supply Depot  
  92  11:03  Supply Depot  
  92  11:04  Widow Mine  
  92  11:06  Marine x2  
  96  11:26  Widow Mine  
  98  11:47  Widow Mine  
  98  11:48  Marine x5  
  105  11:54  Medivac  
  107  12:05  Marine  
  107  12:06  Marine x4  
  112  12:23  Marine x2  
  112  12:24  Marine  
  115  12:31  Marauder x2  
  119  12:41  Marine x3  
  122  12:52  Marine x2  
  124  12:59  Marine x3  
  127  13:09  Marine  
  127  13:10  Marine  
  129  13:18  Command Center  
  129  13:19  Refinery  
  129  13:20  Missile Turret  
  129  13:22  Refinery  
  69  14:27  Marauder x3  
  69  14:29  Marine x2  
  77  14:46  Planetary Fortress  
  77  14:47  Marine x2  
  77  14:48  Marauder  
  77  14:49  Marauder x2  
  85  15:05  Marine x2  
  87  15:10  Marauder x3  
  91  15:23  Marine  
  89  15:31  Marauder x2  
  92  15:50  Marauder  
  92  15:52  Marine x2  
  92  15:53  Marauder x2  
  92  15:56  Siege Tank  
  103  16:10  Marine x2  
  105  16:11  Marauder  
  105  16:14  Marauder x2  
  111  16:28  Siege Tank, Marine x2  
  118  16:33  Marauder  
  118  16:35  Marine x2  
  99  16:45  Marine  
  99  16:46  Marine  
  64  16:53  Marine x2  
  47  16:54  Marauder  
  47  17:03  Marine x2  
  41  17:11  Marauder x2  
  47  17:15  Marauder  
  47  17:21  Marine x2  
  49  17:32  Marauder  
  49  17:33  Marauder  
  44  17:37  Marauder  
  44  17:39  Marine  
  44  17:52  Marine  
  44  17:54  Marauder x2  
  44  17:57  Marine  
  49  17:58  Marauder  
  40  18:09  Marine  
  37  18:14  Marine  
  37  18:15  Marauder x2  
  44  18:20  Marauder  
  44  18:27  Marine  
  44  18:32  Marine  
  44  18:33  Medivac x2  
  49  18:36  Terran Infantry Weapons Level 2  
  49  18:37  Marauder x2  
  55  18:41  Marauder  
  55  18:45  Marine  
  56  18:50  Marine  
  57  18:58  Marine, Marauder  
  57  19:02  Marine  
  61  19:03  Marine, Medivac x2  
  61  19:08  Marine  
  67  19:15  Command Center  
  67  19:16  Marauder  
  69  19:19  Marauder  
  69  19:20  Marauder  
  69  19:21  Marine  
  74  19:26  Marine  
  75  19:33  Medivac x2  
  75  19:37  Marauder  
  81  19:38  Marine  
  81  19:41  Marauder  
  81  19:42  Marauder  
  81  19:44  Marine  
  82  19:56  Marine  
  82  19:59  Marauder  
  58  20:13  Marauder  
  58  20:14  Marauder  
  58  20:15  Marine x2  
  58  20:19  Marine  
  52  20:33  Marine x2  
  52  20:34  Marine  
  29  20:58  Marauder x2  
  29  20:59  Marauder  
  29  21:00  Marine x2  
  37  21:20  Marauder  
  39  21:39  Orbital Command  
  39  21:57  Refinery  
  39  22:26  Siege Tank  
  42  22:49  SCV x2  
  44  22:53  Marauder x3  
  44  22:57  Marine x2  
  52  23:01  SCV  
  52  23:02  SCV  
  54  23:09  Siege Tank  
  57  23:14  Marauder x3  
  57  23:15  Marine x2  
  65  23:32  Marine  
  65  23:33  Marine  
  67  23:35  Marine, Marauder  
  67  23:36  Marauder  
  67  23:37  SCV x2, Refinery  
  74  23:41  Siege Tank  
  77  23:49  SCV x2  
  77  23:50  Marine x2  
  77  23:53  Marine  
  82  23:56  Marine x2  
  82  24:01  SCV  
  85  24:08  Marine x2  
  87  24:11  Marine  
  87  24:13  Siege Tank  
  87  24:14  Marine x2  
  93  24:26  Marine x2  
  93  24:29  Marauder  
  90  24:32  Marauder  
  90  24:33  Marauder  
Show
View Real Time Build Order
Export as new Build Order

JakLou Protoss 

Build Orders: Cannon Rush 

Get SALT Encoding   

  12  0:00  Probe  
  13  0:16  Probe, Pylon  
  14  0:36  Forge  
  14  0:53  Pylon  
  14  0:55  Probe  
  15  1:02  Assimilator  
  15  1:03  Probe  
  16  1:11  Probe  
  16  1:14  Photon Cannon  
  17  1:32  Pylon  
  17  1:52  Photon Cannon  
  17  1:58  Photon Cannon  
  14  2:39  Pylon  
  14  2:58  Photon Cannon  
  14  3:00  Photon Cannon  
  14  3:04  Probe  
  13  3:12  Probe  
  15  3:21  Probe  
  15  3:25  Pylon  
  16  3:29  Probe  
  17  3:36  Pylon  
  17  3:38  Pylon  
  17  4:15  Assimilator  
  17  4:17  Probe  
  17  4:22  Gateway  
  17  4:23  Gateway  
  18  4:25  Probe  
  19  4:33  Probe  
  19  4:38  Gateway  
  20  4:41  Pylon  
  20  4:43  Probe, Pylon  
  20  4:48  Pylon  
  21  4:55  Probe  
  22  5:07  Pylon  
  22  5:08  Probe  
  22  5:10  Pylon, Zealot  
  25  5:18  Cybernetics Core  
  25  5:20  Probe  
  26  5:31  Gateway  
  26  5:33  Probe  
  26  5:41  Probe  
  28  5:50  Probe  
  29  5:59  Photon Cannon  
  29  6:00  Warp Gate  
  29  6:02  Photon Cannon  
  29  6:05  Pylon  
  29  6:33  Nexus  
  29  6:42  Protoss Ground Weapons Level 1  
  29  6:58  Assimilator  
  29  7:02  Assimilator  
  29  7:08  Stalker  
  29  7:10  Stalker  
  33  7:18  Stalker  
  35  7:32  Zealot  
  37  7:38  Zealot  
  37  7:41  Twilight Council  
  39  8:10  Stalker x3  
  45  8:13  Probe  
  45  8:15  Stalker  
  45  8:17  Blink  
  48  8:22  Probe  
  49  8:37  Shield Battery  
  49  8:41  Shield Battery  
  49  8:44  Shield Battery  
  49  8:46  Probe, Pylon  
  49  8:51  Protoss Ground Armor Level 1  
  49  8:53  Probe  
  49  8:54  Probe  
  51  9:01  Probe  
  52  9:09  Probe, Stalker  
  55  9:11  Sentry  
  55  9:13  Sentry  
  60  9:29  Stalker  
  62  9:45  Robotics Facility  
  62  9:47  Templar Archives  
  62  9:52  Gateway  
  62  9:53  Gateway  
  62  9:54  Probe  
  63  10:02  Probe  
  64  10:08  Forge, Charge  
  64  10:11  Probe  
  65  10:26  Psionic Storm  
  65  10:31  Zealot  
  65  10:32  Protoss Ground Weapons Level 2  
  65  10:33  Sentry  
  69  10:36  Sentry  
  71  10:47  Observer  
  72  10:57  Probe  
  72  10:58  High Templar  
  72  10:59  Protoss Shields Level 1  
  75  11:08  Observer  
  76  11:16  Zealot x3  
  76  11:17  Zealot  
  84  12:18  Pylon  
  84  12:22  Pylon  
  84  12:25  Pylon  
  84  12:28  High Templar x2  
  84  12:29  Stalker x2  
  92  12:30  Zealot x2  
  96  12:50  Immortal  
  100  13:04  Stalker x2  
  100  13:05  Stalker x4  
  108  13:08  Protoss Ground Armor Level 2  
  110  13:30  Immortal  
  81  14:06  Protoss Ground Weapons Level 3  
  47  14:13  Stalker x3  
  47  14:14  Stalker x3  
  55  14:27  Immortal  
  59  14:36  Robotics Bay  
  59  14:46  Robotics Facility  
  59  14:51  Robotics Facility  
  59  14:54  Pylon  
  59  14:56  Pylon  
  59  14:57  Nexus  
  59  15:06  Immortal  
  63  15:11  Stalker  
  63  15:12  Stalker  
  67  15:31  Zealot  
  69  15:45  Stalker x2  
  69  15:47  Zealot  
  75  15:55  Extended Thermal Lance  
  75  16:00  Probe  
  76  16:12  Probe  
  76  16:16  High Templar  
  76  16:17  High Templar, Zealot  
  76  16:18  Zealot  
  85  16:31  Shield Battery  
  85  16:32  Shield Battery  
  65  16:53  Stalker x2  
  51  16:54  Stalker  
  51  16:55  Stalker  
  51  16:58  Sentry  
  51  17:00  High Templar  
  55  17:05  Protoss Shields Level 2  
  43  17:33  Stalker  
  43  17:34  Stalker x3  
  43  17:35  Stalker x2  
  31  17:59  Zealot x3  
  31  18:00  Zealot x2  
  31  18:01  Zealot  
  28  18:20  Stalker  
  28  18:24  Sentry  
  30  18:50  Probe  
  31  18:58  Probe  
  32  19:09  Probe  
  32  19:10  Stalker  
  35  19:17  Probe  
  26  19:55  Stalker x2  
  26  19:56  Stalker x3  
  36  20:00  Sentry, Probe  
  39  20:08  Probe  
  40  20:16  Probe  
  41  20:24  Probe x2  
  42  20:32  Stalker  
  42  20:33  Stalker  
  42  20:34  Probe  
  48  20:47  Stalker x2  
  52  20:57  High Templar  
  52  20:58  High Templar  
  52  21:04  High Templar  
  58  21:05  Zealot  
  60  21:11  Zealot  
  60  21:12  Zealot  
  64  21:21  Probe  
  64  21:25  Assimilator  
  65  21:29  Probe  
  65  21:30  Assimilator  
  65  21:32  Photon Cannon  
  65  21:35  Photon Cannon  
  65  21:37  Probe  
  65  21:38  Stalker x2  
  70  21:46  Immortal  
  71  21:47  Probe  
  72  22:00  Probe  
  77  22:11  Pylon  
  77  22:13  Pylon  
  77  22:23  Zealot  
  77  22:24  Zealot  
  77  22:25  Observer  
  77  22:26  Zealot  
  77  22:27  Zealot x2  
  77  22:28  Zealot  
  90  22:41  Colossus  
  90  22:58  Probe  
  96  23:17  Colossus  
  102  23:24  Zealot x2  
  102  23:25  Zealot x4  
  114  23:30  Probe  
  115  23:50  Immortal  
  115  23:51  Colossus  
  125  23:56  Zealot x4  
  125  23:57  Zealot  
  135  24:04  Probe  
  136  24:18  Stalker x3  
  136  24:20  High Templar  
  97  24:32  Stalker  
  59  24:45  Stalker x2  
Show
View Real Time Build Order
Export as new Build Order

Arthas Protoss - Winner!

Build Orders: Cannon Rush 

Get SALT Encoding   

  12  0:01  Probe  
  13  0:13  Probe  
  14  0:18  Pylon  
  14  0:25  Probe  
  15  0:33  Probe  
  15  0:41  Forge, Probe  
  17  0:51  Probe  
  18  0:58  Pylon  
  18  1:26  Photon Cannon  
  18  1:33  Pylon  
  18  1:42  Pylon  
  18  1:54  Photon Cannon  
  18  1:56  Photon Cannon  
  18  1:58  Photon Cannon  
  18  2:06  Photon Cannon  
  18  2:08  Photon Cannon  
  18  2:18  Photon Cannon  
  18  2:24  Pylon  
  18  2:34  Photon Cannon  
  14  2:58  Probe  
  14  3:06  Probe  
  14  3:16  Probe  
  15  3:37  Photon Cannon  
  15  3:39  Pylon  
  15  3:40  Photon Cannon  
  15  3:45  Photon Cannon  
  14  3:58  Probe  
  15  4:06  Probe  
  15  4:08  Gateway  
  15  4:15  Probe  
  15  4:16  Assimilator  
  16  4:19  Assimilator  
  16  4:24  Probe  
  18  4:32  Probe  
  19  4:40  Probe  
  20  4:48  Probe  
  21  4:54  Cybernetics Core  
  21  4:57  Probe  
  21  5:02  Pylon  
  22  5:32  Warp Gate  
  22  5:33  Probe  
  23  5:35  Stargate  
  23  5:37  Photon Cannon  
  23  6:03  Twilight Council  
  23  6:18  Pylon  
  23  6:19  Oracle  
  23  6:23  Probe  
  23  6:24  Protoss Ground Armor Level 1  
  27  6:31  Gateway  
  27  6:33  Nexus, Gateway  
  27  6:39  Charge  
  27  7:19  Gateway  
  27  7:57  Zealot  
  27  7:58  Zealot x2  
  31  8:04  Probe  
  33  8:12  Probe, Pylon  
  34  8:13  Nexus  
  34  8:16  Pylon  
  35  8:22  Probe  
  36  8:33  Protoss Ground Armor Level 2  
  36  8:34  Probe  
  37  8:44  Templar Archives  
  37  8:46  Probe, Zealot x4  
  46  8:54  Probe  
  46  9:02  Probe  
  48  9:28  Probe  
  48  9:29  Probe  
  48  9:31  Photon Cannon  
  47  9:36  High Templar x2  
  51  9:39  High Templar  
  51  9:40  Probe  
  51  9:41  Probe  
  51  9:42  High Templar  
  57  9:49  Assimilator  
  57  9:50  Probe  
  57  9:52  Probe  
  58  9:53  Probe, Assimilator  
  58  9:58  Probe  
  60  10:04  Probe, Psionic Storm  
  60  10:05  Probe  
  63  10:07  Probe  
  63  10:10  Zealot x2  
  68  10:16  Pylon  
  68  10:19  Probe  
  68  10:20  Pylon  
  69  10:24  Gateway  
  69  10:31  Probe  
  69  10:35  Robotics Facility  
  70  10:38  Protoss Ground Armor Level 3, Zealot x3  
  76  10:44  Probe  
  76  10:45  Probe x2  
  76  10:49  Assimilator  
  79  10:54  Probe  
  79  10:57  Probe x2  
  81  10:59  Zealot  
  81  11:02  Probe  
  85  11:11  Zealot x3  
  91  11:22  Observer  
  94  11:31  Probe  
  93  11:36  Assimilator  
  93  11:37  Photon Cannon  
  93  11:42  High Templar x2  
  93  11:43  Probe  
  93  11:44  Zealot  
  100  11:51  Pylon  
  100  11:53  Pylon  
  100  11:54  Pylon  
  100  11:55  Pylon  
  100  11:57  Pylon  
  100  11:58  Pylon x2  
  100  12:00  Pylon x2  
  100  12:03  Archon  
  100  12:08  Warp Prism  
  93  12:17  High Templar  
  93  12:18  High Templar x2  
  93  12:19  High Templar  
  93  12:20  Zealot  
  94  12:23  Archon x2  
  94  12:38  Observer  
  93  12:46  Zealot  
  96  13:01  Pylon  
  96  13:08  High Templar x2  
  96  13:09  Zealot x2  
  96  13:10  Zealot  
  106  13:14  Archon  
  106  13:34  Gateway  
  106  13:36  Gateway  
  106  13:39  Gateway  
  106  13:41  Gateway  
  106  13:43  Gateway  
  106  13:47  Gateway x2  
  84  14:08  Archon  
  62  14:25  High Templar x2  
  62  14:26  High Templar x2  
  62  14:28  Zealot  
  72  14:35  Gateway  
  72  14:46  Zealot x3  
  72  14:47  Zealot  
  71  15:15  Protoss Ground Weapons Level 1  
  71  15:21  High Templar x6  
  75  15:24  Zealot x2  
  75  15:26  Zealot x2  
  75  15:27  Zealot  
  93  15:28  Zealot  
  93  15:32  Archon x2  
  93  15:33  Archon  
  95  15:50  Oracle  
  95  15:53  Nexus, Zealot x3  
  95  15:54  Zealot x4  
  95  15:55  Pylon  
  110  16:00  Observer  
  111  16:04  Zealot x2  
  115  16:14  High Templar  
  115  16:15  Zealot  
  115  16:16  Zealot  
  77  16:52  Archon  
  77  16:53  Archon  
  45  18:18  Probe x3  
  48  18:30  Probe x3  
  51  18:42  Probe x3  
  54  18:50  Assimilator  
  54  18:52  Protoss Ground Weapons Level 2  
  54  18:54  Probe  
  54  18:55  Assimilator  
  55  18:57  Photon Cannon  
  55  18:59  Photon Cannon  
  55  19:02  Robotics Bay  
  55  19:06  Warp Prism  
  57  19:10  High Templar x2  
  57  19:11  High Templar  
  57  19:12  High Templar  
  65  19:17  High Templar x4  
  65  19:18  High Templar  
  65  19:20  Protoss Air Weapons Level 1, Zealot x4  
  65  19:22  Archon  
  65  19:23  Archon  
  83  19:27  Archon  
  80  20:05  Extended Thermal Lance  
  80  20:15  Colossus  
  86  20:23  Robotics Facility  
  85  20:48  Protoss Ground Weapons Level 3  
  81  20:50  Archon  
  77  21:01  Colossus  
  77  21:10  High Templar x3  
  77  21:11  High Templar  
  91  21:14  Zealot x5  
  91  21:15  Zealot x4  
  109  21:31  Nexus  
  109  21:33  Colossus, Pylon  
  109  21:38  Zealot x2  
  109  21:39  Zealot x7  
  133  21:58  Colossus  
  139  22:04  Gravitic Boosters  
  139  22:07  Zealot x2  
  139  22:08  Zealot x2  
  147  22:09  Zealot x2  
  151  22:28  Observer  
  152  22:30  Photon Cannon  
  152  22:33  Photon Cannon  
  152  22:45  Zealot x6  
  152  22:47  High Templar x2  
  152  22:49  Observer  
  169  22:51  Archon  
  169  23:03  Zealot x4  
  177  23:06  Probe x2  
  177  23:12  Assimilator  
  179  23:22  Observer  
  179  23:23  Observer  
  181  23:31  High Templar x2  
  181  23:32  Zealot x5  
  195  23:34  Observer  
  195  23:35  Archon  
  195  23:45  Probe x2  
  197  23:50  Assimilator  
Show
View Real Time Build Order
Export as new Build Order

Ivadios Terran - Winner!

Build Orders:  

Get SALT Encoding   

  12  0:16  SCV  
  12  0:20  Supply Depot  
  13  0:44  Barracks  
  13  0:50  SCV  
  14  1:02  SCV  
  15  1:14  SCV  
  16  1:26  SCV, Supply Depot  
  17  1:49  Supply Depot  
  17  1:50  Refinery  
  17  2:12  Supply Depot  
  17  2:15  Marine  
  18  2:27  Barracks  
  18  2:33  Marine, Orbital Command  
  18  2:36  Supply Depot  
  19  2:50  Marine  
  19  2:58  Supply Depot  
  19  3:08  Marine  
  20  3:26  Barracks, Marine  
  21  3:30  Barracks Reactor  
  21  4:08  SCV  
  22  4:15  Barracks  
  22  4:20  SCV  
  23  4:32  SCV  
  23  4:36  Engineering Bay  
  24  4:44  SCV  
  25  4:54  Marine x3  
  25  4:56  SCV  
  30  5:02  Engineering Bay  
  30  5:06  Barracks Reactor  
  30  5:12  Marine x3  
  30  5:13  Barracks Tech Lab  
  32  5:26  Missile Turret  
  32  5:30  Marine x3  
  35  5:47  Marine  
  36  5:50  Missile Turret  
  36  6:16  Terran Infantry Weapons Level 1  
  36  6:17  Terran Infantry Armor Level 1  
  36  6:18  Bunker  
  36  6:30  Missile Turret  
  36  6:33  Marine x3  
  36  6:34  Marine x3  
  42  6:51  Marine x5  
  42  6:52  Marine  
  48  7:01  Command Center  
  48  7:09  Marine x3  
  51  7:41  Refinery  
  51  8:03  Marine x3  
  51  8:04  Marine x2  
  56  8:10  Barracks Reactor  
  56  8:13  Combat Shield  
  56  8:21  Marine x4  
  56  8:22  Marine  
  61  8:33  Factory  
  61  8:39  Marine x5  
  61  8:40  Planetary Fortress  
  66  8:47  SCV  
  67  8:57  Marine x5  
  67  8:59  SCV  
  73  9:04  Marine x2  
  75  9:11  SCV  
  75  9:14  Marine  
  75  9:15  Marine  
  78  9:26  Armory  
  78  9:32  Stimpack  
  78  9:46  Supply Depot  
  78  9:47  Supply Depot  
  78  9:49  Supply Depot  
  78  10:07  SCV x2, Marine x6  
  78  10:10  Supply Depot  
  78  10:12  Supply Depot  
  78  10:13  Supply Depot  
  86  10:19  SCV x2  
  88  10:25  Starport, Marauder  
  90  10:31  SCV  
  90  10:32  Supply Depot  
  90  10:34  Supply Depot  
  91  10:37  Supply Depot, Factory Tech Lab  
  91  10:42  Terran Infantry Weapons Level 2  
  91  10:44  SCV  
  91  10:47  Marauder  
  94  10:52  Terran Infantry Armor Level 2  
  94  10:56  SCV  
  95  11:03  Starport  
  95  11:08  Marauder  
  95  11:10  Supply Depot  
  97  11:15  Supply Depot  
  97  11:20  Supply Depot  
  97  11:33  Marauder  
  97  11:34  Supply Depot  
  97  11:35  Marine x3  
  97  11:36  Marine  
  97  11:37  Marine  
  104  11:40  SCV, Starport, Supply Depot  
  104  11:45  Supply Depot  
  105  11:54  Marauder  
  105  11:58  Supply Depot  
  107  12:06  Starport Reactor x2  
  107  12:16  Marauder  
  109  12:27  Starport Reactor  
  109  12:37  Marauder  
  111  12:49  Marine x4  
  111  12:50  Marine x2  
  117  12:53  Missile Turret  
  117  12:59  Marauder  
  119  13:07  Marine x5  
  119  13:08  Marine  
  125  13:13  Missile Turret  
  125  13:19  Marine  
  125  13:25  Marine x5  
  131  13:32  Medivac x4  
  131  13:33  Medivac  
  61  14:43  Refinery  
  61  14:46  Refinery  
  61  14:50  Marine x5  
  61  14:51  Marine x2  
  68  14:55  Medivac x5  
  78  15:08  Marine x6  
  78  15:09  Marine  
  85  15:25  Marine  
  85  15:26  Marine x6  
  92  15:30  Terran Infantry Weapons Level 3  
  92  15:43  Marine x2  
  92  15:44  Marine x5  
  99  16:02  Marine  
  100  16:12  Command Center  
  62  18:16  Marine x6  
  62  18:18  Marauder  
  61  18:33  Marine  
  61  18:34  Marine x5  
  63  18:38  Medivac x4  
  63  18:39  Marauder  
  77  18:51  Marine x2  
  77  18:52  Marine x4  
  77  18:55  Orbital Command  
  83  19:01  Marauder  
  85  19:09  Marine x4  
  87  19:10  Marine x2  
  87  19:12  Barracks  
  87  19:13  Barracks  
  91  19:22  Marauder  
  93  19:43  Marauder  
  94  20:16  Marine x4  
  94  20:17  Marine x5  
  97  20:33  Marine  
  97  20:34  Marine x8  
  94  20:51  Marine x2  
  94  20:52  Marine x7  
  99  21:09  Marine x4  
  99  21:10  Marine x5  
  108  21:16  SCV  
  109  21:28  SCV, Marine x3  
  113  21:41  SCV, Starport x2  
  114  21:53  SCV  
  115  22:05  SCV  
  116  22:16  Starport Tech Lab  
  116  22:17  Starport Tech Lab  
  116  22:19  Starport  
  116  22:21  Starport Tech Lab  
  116  22:22  Starport Tech Lab x2  
  116  22:34  Marauder  
  116  22:36  Barracks Reactor x2  
  118  22:37  Marine x2  
  118  22:38  Marine x4  
  124  22:52  Terran Ship Weapons Level 1  
  124  22:55  Marine x3, Marauder  
  124  22:56  Marine x3  
  132  23:13  Marine x4  
  132  23:14  Marine x2  
  132  23:16  Marauder  
  140  23:23  Fusion Core  
  140  23:27  Fusion Core  
  140  23:31  Marine x2  
  142  23:38  Marauder  
  144  23:59  Marauder  
Tags
 
Add a new tag
Caveats
  • Supply blocks, unpowered buildings, or Contaminate may cause inaccurate times.
  • Supply counts are checked every 10 seconds.